Map: NeoHumanity LE

Players

BumbDitch

  • Race: Zerg Zerg
  • League: Gold
  • Spawn Location: 5:00

BattleRomeo - Winner!

  • Race: Terran Terran
  • League: Gold
  • Spawn Location: 11:00

VOD

Have the link to the VOD?

Description

I HATE TERRAN WHY THE FUCK DO I LOSE TO THEM SO MUCH I OUT MACRO AND OUT MICRO THEM AND NEURAL PARASITE THERE FUCKING TANKS AND IT MAKES NO DIFFERENCE!!!!!!!!!!!!!!!

Time

  • Played on: Feb. 4, 2023, 8:30 p.m.
  • Length: 18:36
Show
View Real Time Build Order
Export as new Build Order

BumbDitch Zerg 

Build Orders: Pool First, Roach Hydra 

Get SALT Encoding   

  12  0:07  Overlord  
  12  0:13  Drone  
  13  0:18  Drone  
  14  0:26  Drone  
  15  0:31  Drone  
  16  0:44  Spawning Pool  
  16  0:46  Drone  
  16  0:51  Drone  
  17  1:02  Drone  
  18  1:06  Extractor  
  17  1:13  Drone  
  18  1:23  Drone  
  19  1:35  Hatchery, Queen  
  19  1:36  Drone  
  21  1:46  Drone  
  22  1:55  Overlord  
  22  2:13  Roach Warren  
  22  2:15  Drone  
  22  2:19  Overlord  
  22  2:30  Lair  
  22  2:34  Drone  
  23  2:47  Drone  
  24  2:54  Roach  
  24  2:55  Roach x2  
  24  2:56  Roach  
  32  3:02  Extractor  
  32  3:03  Drone  
  32  3:04  Drone  
  33  3:09  Queen  
  33  3:12  Drone  
  36  3:14  Drone  
  37  3:21  Drone x3  
  37  3:24  Drone  
  41  3:32  Overseer  
  41  3:38  Drone  
  41  3:40  Roach  
  44  3:45  Overlord  
  44  3:47  Overlord  
  44  3:48  Overlord  
  44  3:49  Overlord  
  44  3:53  Overlord  
  44  4:05  Drone x2  
  44  4:07  Roach x2  
  50  4:10  Roach  
  52  4:21  Roach  
  52  4:22  Roach  
  56  4:25  Roach  
  60  4:31  Roach  
  60  4:32  Roach x2  
  60  4:33  Roach x2  
  60  4:36  Roach  
  70  4:40  Drone  
  70  4:44  Drone  
  70  4:45  Drone  
  73  5:16  Drone x4  
  77  5:26  Drone  
  77  5:27  Drone  
  77  5:28  Drone x3  
  82  5:49  Drone x2  
  75  5:50  Drone x2  
  62  6:02  Extractor x2  
  62  6:03  Evolution Chamber x2  
  50  6:06  Roach  
  50  6:07  Roach x2  
  50  6:08  Roach  
  50  6:09  Roach x3  
  62  6:20  Drone  
  62  6:22  Roach x2  
  67  6:26  Roach x3  
  73  6:37  Hydralisk Den  
  72  6:40  Infestation Pit  
  72  6:44  Zerg Missile Weapons Level 1  
  72  6:45  Zerg Ground Armor Level 1  
  71  6:49  Roach x2  
  71  6:50  Roach x2  
  71  6:51  Roach  
  81  7:00  Queen  
  83  7:03  Overlord  
  83  7:05  Overlord  
  83  7:06  Overlord  
  83  7:07  Overlord, Hatchery  
  83  7:08  Overlord  
  82  7:09  Overlord  
  82  7:14  Hatchery, Grooved Spines  
  82  7:15  Glial Reconstitution  
  81  7:21  Drone  
  81  7:22  Drone  
  83  7:25  Roach x3  
  89  7:45  Hydralisk x4  
  97  7:51  Drone  
  97  7:52  Drone x3  
  97  7:53  Drone  
  102  8:01  Pneumatized Carapace  
  102  8:22  Hydralisk x2  
  102  8:23  Hydralisk x2  
  102  8:24  Infestor  
  102  8:26  Muscular Augments  
  108  9:07  Extractor  
  107  9:10  Neural Parasite  
  107  9:13  Queen  
  107  9:14  Queen  
  111  9:17  Drone  
  111  9:18  Drone x6  
  111  9:20  Extractor, Drone x3  
  111  9:24  Hive  
  120  9:27  Drone x3  
  123  9:44  Hydralisk  
  123  9:45  Hydralisk x5  
  133  9:46  Spire  
  133  9:49  Overlord  
  133  9:50  Overlord x6  
  133  9:51  Overlord x4  
  134  10:02  Drone x2  
  136  10:11  Drone x3  
  136  10:12  Extractor  
  138  10:14  Extractor  
  138  10:16  Drone x2  
  138  10:18  Drone x4  
  138  10:19  Drone  
  144  10:26  Zerg Ground Armor Level 2, Zerg Missile Weapons Level 2  
  144  10:28  Hydralisk x3  
  144  10:30  Infestor, Roach x2  
  156  11:09  Greater Spire, Ultralisk Cavern  
  107  12:00  Roach  
  95  12:01  Roach x10  
  95  12:02  Roach  
  95  12:03  Hydralisk, Roach x5  
  95  12:04  Hydralisk x11  
  95  12:05  Viper  
  95  12:06  Hydralisk x4, Roach  
  95  12:07  Infestor  
  95  12:08  Roach x2  
  154  12:32  Chitinous Plating  
  151  12:46  Drone x2  
  151  12:47  Drone  
  151  12:48  Drone x2  
  153  13:06  Hydralisk, Roach x7  
  153  13:07  Hydralisk x7  
  153  13:08  Infestor  
  153  13:09  Infestor  
  187  13:42  Hatchery  
  187  13:46  Zerg Missile Weapons Level 3, Zerg Ground Armor Level 3  
  186  13:51  Anabolic Synthesis  
  109  14:28  Roach  
  109  14:29  Hydralisk, Roach x7  
  109  14:30  Hydralisk x5  
  109  14:31  Hydralisk x5  
  119  14:32  Hydralisk  
  123  14:42  Roach  
  123  14:43  Roach x2  
  123  14:44  Roach  
  123  14:45  Drone, Roach x3  
  132  15:08  Corruptor x3  
  132  15:09  Corruptor x3  
  132  15:10  Corruptor  
  132  15:11  Corruptor x4  
  154  15:39  Extractor  
  154  15:40  Extractor  
  154  15:57  Brood Lord x5  
  154  15:58  Brood Lord x2  
  166  16:23  Zerg Melee Weapons Level 1  
  166  16:28  Hatchery  
  166  16:29  Hatchery  
  164  16:45  Brood Lord x4  
  174  16:47  Roach x9  
  174  16:48  Roach x3  
  112  17:23  Roach  
  112  17:24  Roach x5  
  122  17:30  Roach  
  122  17:31  Roach x10  
  122  17:32  Roach x9  
  108  18:02  Roach  
  108  18:03  Roach x3  
  108  18:04  Roach x3  
  108  18:05  Roach x6  
Show
View Real Time Build Order
Export as new Build Order

BattleRomeo Terran - Winner!

Build Orders:  

Get SALT Encoding   

  12  0:01  SCV  
  13  0:13  SCV  
  14  0:19  Supply Depot  
  14  0:25  SCV  
  15  0:41  SCV  
  16  0:43  Barracks  
  16  0:46  Refinery  
  16  0:53  SCV  
  17  1:07  SCV  
  18  1:24  SCV  
  19  1:35  Barracks Reactor  
  19  1:39  Command Center  
  19  1:54  Orbital Command  
  19  2:06  Supply Depot  
  19  2:07  Barracks  
  19  2:13  Marine x2  
  21  2:29  SCV  
  22  2:36  Barracks  
  22  2:39  Marine  
  22  2:40  Marine  
  24  2:44  SCV  
  24  2:50  Orbital Command  
  25  2:56  Refinery  
  25  2:57  SCV  
  26  2:59  Barracks Tech Lab  
  26  3:02  Marine  
  26  3:03  Marine  
  28  3:12  SCV  
  29  3:23  Marine  
  29  3:24  Marine, Marauder  
  29  3:26  Combat Shield  
  33  3:29  Barracks Tech Lab  
  33  3:38  SCV x2  
  35  3:50  Factory  
  35  3:54  Supply Depot  
  35  3:58  Supply Depot  
  35  4:00  Marine x2  
  35  4:02  Marine  
  38  4:03  Marine  
  38  4:06  SCV  
  38  4:08  SCV  
  41  4:21  Stimpack  
  41  4:22  Marine x2  
  41  4:23  Marine x2  
  46  4:24  SCV x2  
  47  4:31  Supply Depot  
  47  4:37  Factory Reactor, Supply Depot  
  47  4:39  Starport  
  47  4:43  Marine, SCV x2  
  47  4:44  Marine  
  51  4:49  Marine x2  
  53  4:57  SCV x2  
  55  5:01  Marine x2  
  55  5:03  Supply Depot  
  55  5:07  Marine  
  57  5:08  Supply Depot  
  58  5:28  Medivac x2, Factory Tech Lab  
  62  5:31  Marine  
  62  5:32  Marine x3  
  66  5:36  SCV x2  
  68  5:46  Orbital Command  
  49  6:20  SCV x2  
  49  6:22  Marine  
  49  6:23  Marine x3  
  57  6:25  Siege Tank  
  57  6:26  Medivac x2  
  57  6:30  Supply Depot  
  57  6:32  SCV x2, Supply Depot  
  63  6:37  Barracks  
  63  6:39  Barracks  
  63  6:55  SCV  
  63  6:56  SCV  
  63  7:00  Refinery  
  65  7:02  Refinery  
  65  7:06  Marine  
  65  7:07  Marine x3  
  69  7:14  Supply Depot  
  69  7:15  Supply Depot  
  69  7:20  Command Center  
  69  7:31  Engineering Bay  
  69  7:33  Engineering Bay  
  69  7:42  Barracks Reactor x2  
  69  7:45  Supply Depot  
  69  7:47  Supply Depot  
  70  7:51  SCV x2  
  71  7:59  Marine  
  71  8:00  Marine x3  
  71  8:02  Medivac  
  71  8:04  Medivac  
  79  8:11  Siege Tank  
  82  8:17  Supply Depot  
  73  8:55  Marine x5  
  64  8:56  Marine x3  
  64  8:59  Siege Tank, Medivac x2  
  76  9:08  Terran Infantry Armor Level 1, Terran Infantry Weapons Level 1  
  76  9:20  SCV x2, Armory  
  76  9:23  Orbital Command  
  78  9:32  SCV x2  
  80  9:45  Marine x6  
  83  9:46  Marine x2  
  83  9:48  Siege Tank, Medivac x2  
  95  9:58  SCV x3  
  98  10:10  SCV x3  
  101  10:20  Concussive Shells  
  101  10:23  Supply Depot  
  101  10:25  Terran Vehicle Weapons Level 1  
  101  10:30  Factory  
  101  10:32  Factory  
  101  10:37  Marine x4  
  101  10:38  Marine x3  
  101  10:39  Marine  
  101  10:42  Siege Tank  
  112  10:44  Liberator x2  
  117  10:55  Marine  
  118  11:02  Terran Infantry Weapons Level 2  
  118  11:03  Terran Infantry Armor Level 2  
  118  11:06  Marine x5  
  118  11:07  Marine x2  
  125  11:12  Marine  
  125  11:14  Siege Tank  
  125  11:15  Factory Tech Lab  
  125  11:16  Factory Tech Lab  
  129  11:23  Supply Depot  
  129  11:24  Marine x6  
  129  11:25  Marine  
  136  11:30  Marine  
  133  11:41  Marine  
  133  11:42  Marine x6  
  120  11:48  Marine  
  100  11:59  Marine x3  
  100  12:00  Marine x4  
  99  12:06  Marine  
  100  12:17  Marine x4  
  100  12:18  Marine x3, Siege Tank x3  
  100  12:19  Medivac x2  
  120  12:24  Marine  
  121  12:33  Terran Vehicle Weapons Level 2  
  121  12:35  Marine x5  
  121  12:36  Marine x2  
  128  12:42  Marine  
  129  12:45  SCV x3  
  129  12:50  Siege Tank x3  
  138  12:53  Marine x5  
  138  12:54  Marine x2  
  138  12:57  SCV x3  
  148  12:59  Marine  
  149  13:10  Marine  
  149  13:11  Marine x6  
  156  13:13  Viking  
  156  13:17  Marine  
  159  13:22  Siege Tank x3  
  168  13:29  Marine x2  
  169  13:50  Terran Infantry Weapons Level 3  
  169  13:58  Terran Infantry Armor Level 3  
  110  14:31  Marine  
  110  14:32  Marine x7  
  110  14:35  Siege Tank x3  
  119  14:49  Marine x4  
  119  14:50  Marine x4  
  125  15:07  Siege Tank x2, Marine x7  
  125  15:08  Marine  
  136  15:17  SCV x3  
  139  15:25  Marine x8  
  147  15:29  SCV x3  
  147  15:30  Viking  
  147  15:31  Viking  
  147  15:35  Refinery  
  154  15:36  Refinery  
  154  15:43  Marine x8  
  162  16:02  Marine  
  162  16:03  Marine x7  
  170  16:20  Marine  
  170  16:21  Marine x7  
  178  16:38  Marine x3  
  181  16:48  Command Center  
  181  16:51  Marine  
  181  17:00  Marine x3  
  181  17:02  Marine x3  
  181  17:03  Marine  
  169  17:09  Marine  
  161  17:18  Marine  
  161  17:20  Marine x6  
  160  17:26  Marine  
  160  17:29  Siege Tank x2  
  169  17:30  Siege Tank  
  169  17:36  Marine  
  170  17:38  Marine x6  
  173  17:44  Marine  
  167  17:54  Marine  
  167  17:56  Marine x6  
  169  18:01  Siege Tank  
  169  18:02  Siege Tank x2, Marine  
  176  18:12  Marine  
  177  18:14  Marine x6  
Tags
 
Composition
Roach Hydra
League
GoldGold
Matchup
TvZ
Opening
Pool First
Spawn Locations
Cross Positions
Add a new tag
Caveats
  • Supply blocks, unpowered buildings, or Contaminate may cause inaccurate times.
  • Supply counts are checked every 10 seconds.